 Dungeon Crawl Stone Soup version 0.29-a0-352-g0917bc69df (webtiles) character file.

Game seed: 7944256513589007366

133 croobank the Sneak (level 5, 0/33 HPs)
             Began as an Octopode Fire Elementalist on Apr 23, 2022.
             Slain by an orc
             ... wielding a +0 whip
              (3 damage)
             ... on level 2 of the Dungeon.
             The game lasted 00:08:26 (3092 turns).

croobank the Sneak (Octopode Fire Elementalist)     Turns: 3092, Time: 00:08:26

Health: 0/33       AC:  1    Str:  7    XL:     5   Next: 16%
Magic:  5/8        EV: 13    Int: 19    God:
Gold:   119        SH:  0    Dex: 13    Spells: 2/9 levels left

rFire   . . .      SeeInvis .   m - +0 demon blade
rCold   . . .      Faith    .   (no shield)
rNeg    . . .      Spirit   .   (helmet restricted)
rPois   .          Reflect  .   (no amulet)
rElec   .          Harm     .   (no ring)
rCorr   .          Rampage  .   (no ring)
Will    .....                   (no ring)
Stlth   +++.......              (no ring)
HPRegen 0.11/turn               (no ring)
MPRegen 0.11/turn               (no ring)
                                (no ring)
                                (no ring)

@: no status effects
A: almost no armour, amphibious, 8 rings, camouflage 1, gelatinous body 1,
(nimble swimmer 1), tentacles
a: no special abilities


You were on level 2 of the Dungeon.
You visited 1 branch of the dungeon, and saw 2 of its levels.

You collected 119 gold pieces.

Inventory:

Hand Weapons
 a - a +2 mace of draining
 m - a +0 demon blade (weapon)
Missiles
 e - 2 atropa-tipped darts (quivered)
 f - 31 stones
 g - 4 poisoned darts
Jewellery
 l - an amulet of faith
Scrolls
 h - 2 scrolls of teleportation
 k - a scroll of immolation {unknown}
Potions
 b - a potion of heal wounds {unknown}
 c - a potion of might
 i - 3 potions of magic
 j - a potion of flight


   Skills:
 + Level 1.2 Fighting
 + Level 0.2 Long Blades
 + Level 2.7 Dodging
 + Level 3.8 Stealth
 + Level 2.5 Spellcasting
 + Level 2.1 Conjurations
 + Level 3.6 Fire Magic


You had 2 spell levels left.
You knew the following spells:

 Your Spells              Type           Power      Damage    Failure   Level
a - Foxfire               Conj/Fire      52%        2x1d6     4%          1
b - Scorch                Fire           32%        2d7       5%          2
c - Flame Wave            Conj/Fire      13%        2d6       43%         4

Your spell library contained the following spells:

 Spells                   Type           Power      Damage    Failure   Level
 Conjure Flame            Conj/Fire      13%        6-21      14%         3
 Inner Flame              Hex/Fire       9%         N/A       22%         3
 Tukima's Dance           Hex            2%         N/A       43%         3
 Passage of Golubria      Tloc           2%         N/A       85%         4
 Yara's Violent Unravell  Hex/Tmut       1%         3d3       99%         5


Dungeon Overview and Level Annotations

Branches:
Dungeon (2/15)

Altars:
Vehumet


Innate Abilities, Weirdness & Mutations

You cannot wear most types of armour.
You are amphibious.
You can wear up to eight rings at the same time.
Your skin changes colour to match your surroundings (Stealth+).
Your rubbery body absorbs attacks. (AC +1, EV +1)
((You are camouflaged when in or above water. (Stealth+)))
You have tentacles for arms and can constrict up to eight enemies at once.


Message History

You're too confused to cast spells.
You bump into the rock wall.
The orc wizard hits you with a +0 dagger.
You bump into the rock wall.
The orc wizard closely misses you.
You completely miss the orc wizard. Your squeeze misses the orc wizard.
The orc wizard hits you with a +0 dagger.
You miss the orc wizard. The orc wizard closely misses you.
You feel less confused.
You closely miss the orc wizard. You grab the orc wizard.
You constrict the orc wizard.
The orc wizard hits you but does no damage.
The orc wizard barely misses you.
You completely miss the orc wizard.
The orc wizard is lightly wounded.
You constrict the orc wizard.
The orc wizard gestures at you while chanting.
The magic dart hits you.
Casting: Foxfire (safe; 4% risk of failure)
Confirm with . or Enter, or press ? or * to list all spells.
Flames lash the orc wizard.
The orc wizard is severely wounded.
The orc wizard's fire resistance burns away.
You constrict the orc wizard.
The orc wizard gestures at you while chanting.
The puff of flame hits you!
* * * LOW HITPOINT WARNING * * *
You hit the orc wizard but do no damage.
You squeeze the orc wizard, but do no damage.
The orc wizard is severely wounded.
You constrict the orc wizard. The orc wizard barely misses you.
You slash the orc wizard!
You kill the orc wizard!
The orc hits you with a +0 whip.
* * * LOW HITPOINT WARNING * * *
Your life force feels restored.
You have reached level 5!
You feel agile. The orc attacks as you move away! The orc closely misses you.
The orc attacks as you move away! The orc hits you with a +0 whip.
You die...

#......... #........#
##......... #..oSoo...#
#.........# ####
#...§.....#
....##...§.....#
.......#.########...
.........S)oo@.>#...##.
..###.#.########......[
........# #####......#
.##.#...###.....##...#
#. #...#..#..######...#
.
#..####...##.......###
#
#..................<.#
#
.....#.......).)....###
##...........)........#


You could see 2 orcs and a ball python.

Vanquished Creatures
  An orc wizard (D:2)
  Robin (D:2)
  2 adders (D:1)
  A dart slug (D:1)
  2 orcs (D:2)
  7 endoplasms
  8 giant cockroaches
  8 goblins
  9 hobgoblins
  9 jackals (D:1)
  A ball python (D:2)
  5 bats
  2 frilled lizards
  5 kobolds
  3 rats (D:1)
64 creatures vanquished.

Vanquished Creatures (others)
  44 foxfires
44 creatures vanquished.

Grand Total: 108 creatures vanquished

Notes
Turn   | Place    | Note
-------+----------+-------------------------------------------
     0 | D:1      | croobank the Octopode Fire Elementalist began the quest for
                  | the Orb.
     0 | D:1      | Reached XP level 1. HP: 11/11 MP: 3/3
    74 | D:1      | Found a faded altar of an unknown god.
   127 | D:1      | Reached XP level 2. HP: 12/17 MP: 0/5
   131 | D:1      | Learned a level 2 spell: Scorch
   622 | D:1      | Reached XP level 3. HP: 14/21 MP: 1/6
   840 | D:1      | You fall into a shaft and drop 1 floor!
  1836 | D:1      | Reached XP level 4. HP: 4/27 MP: 0/7
  1839 | D:1      | HP: 2/40 [poisoned by an adder]
  2156 | D:2      | Noticed Robin
  2159 | D:2      | Killed Robin
  2285 | D:2      | Found a radiant altar of Vehumet.
  2859 | D:2      | Reached skill level 1 in Fighting
  2984 | D:2      | Learned a level 4 spell: Flame Wave
  3090 | D:2      | Reached XP level 5. HP: 2/33 MP: 5/8
  3092 | D:2      | Slain by an orc

Illustrated notes

Levels and vault maps discovered:
D:1:      mrwooster_arrival_statue, layout_loops_corners,
          shapermc_ecumenical_altar_notcrosses, serial_park_tiny_2,
          minmay_misc_feat_pillars
D:2:      layout_rooms, basic_altar, uniq_robin

Skill      XL: |  1  2  3  4 |
---------------+-------------+-----
Stealth        | 3 |  3.8
Conjurations   | 2 |  2.1
Fighting       | 1 |  1.2
Long Blades    | |  0.2
Dodging        | |  2.7
Spellcasting   | |  2.5
Fire Magic     | |  3.6

Action                   |  1- 3 |  4- 6 || total
-------------------------+-------+-------++-------
Melee: Unarmed           |     7 |       ||     7
       Tentacles         |    10 |     3 ||    13
       Constrict         |    10 |     6 ||    16
       Flail             |    26 |     6 ||    32
       Demon blade       |       |    13 ||    13
       Mace              |       |     5 ||     5
 Cast: Foxfire           |    24 |     3 ||    27
       Scorch            |    20 |    16 ||    36
  Use: Scroll            |       |     2 ||     2
       Potion            |       |     2 ||     2
Armor: Skin              |     6 |     2 ||     8
Dodge: Dodged            |    44 |    30 ||    74

Table legend: (Time is in decaauts)
 A = Elapsed time spent in this place.
 B = Non-inter-level travel time spent in this place.
 C = Inter-level travel time spent in this place.
 D = Time resting spent in this place.
 E = Time spent auto-exploring this place.
 F = Levels seen in this place.
 G = Mean time per level.
                   A        B        C        D        E       F      G
               +--------+--------+--------+--------+--------+-----+--------+
         Total |   3117 |   2991 |    126 |   1181 |   1327 |   2 | 1558.5 |
       Dungeon |   3117 |   2991 |    126 |   1181 |   1327 |   2 | 1558.5 |
               +--------+--------+--------+--------+--------+-----+--------+

Top non-repeatable levels by time:
     D:1: 2748 daAuts
     D:2: 369 daAuts
